 Dungeon Crawl Stone Soup version 0.18-a0-837-gd08d4d7 (webtiles) character file.

32524 Arkorax the Martial Artist (level 13, -9/199 HPs)
             Began as a Naga Monk on Dec 18, 2015.
             Was an Initiate of Gozag.
             Mangled by a death yak (18 damage)
             ... on level 6 of the Lair of Beasts.
             The game lasted 00:44:57 (20916 turns).

Arkorax the Martial Artist (Naga Monk)             Turns: 20916, Time: 00:44:57

Health: -9/199     AC: 22    Str: 20    XL:     13   Next: 65%
Magic:  13/13      EV:  8    Int: 11    God:    Gozag
Gold:   1679       SH: 11    Dex: 17    Spells: 0 memorised, 12 levels left

rFire  + . .     SeeInvis +       - Unarmed
rCold  . . .     Gourm    .     E - +6 leather armour "Byshro" {Stlth+}
rNeg   . . .     Faith    .     y - +0 shield
rPois  +         Spirit   .     P - +1 hat
rElec  .         Dismiss  .     G - +0 cloak {MR+}
rCorr  .         Reflect  .     (no gloves)
SustAt .         Harm     .     J - +3 naga barding
MR     ++...                    h - amulet of rage
Stlth  ..........               u - ring of protection from fire
                                i - +2 ring of protection

@: berserking, quick, very resistant to hostile enchantments, extremely
unstealthy
A: see invisible, deformed body, poison resistance, slowness 2, slow metabolism
1, spit poison 2, constrict 1, AC +4
a: Spit Poison, Potion Petition, Call Merchant, Bribe Branch, Renounce Religion,
Evoke Berserk Rage


You were on level 6 of the Lair of Beasts.
You worshipped Gozag.
Gozag was noncommittal.
You were not hungry.

You visited 3 branches of the dungeon, and saw 16 of its levels.
You also visited: Sewer and Bailey.

You collected 4504 gold pieces.
You spent 1412 gold pieces at shops.
You paid 1413 gold pieces to Gozag.

Inventory:

Hand Weapons
 L - a +6 scimitar of flaming
Armour
 y - a +0 shield (worn)
 E - the +6 leather armour "Byshro" (worn) {Stlth+}
   (You found it on level 4 of the Dungeon)

   It makes you more stealthy.
 G - a +0 cloak of magic resistance (worn)
 J - a +3 naga barding (worn)
 P - a +1 hat (worn)
Jewellery
 h - an amulet of rage (around neck)
 i - a +2 ring of protection (left hand)
 o - a cursed ring of loudness {unknown}
 s - a cursed amulet of inaccuracy {unknown}
 t - a +6 amulet of reflection {unknown}
 u - a ring of protection from fire (right hand)
 M - an uncursed ring of sustain attributes {unknown}
 N - the amulet of the Four Winds {rN+ MR+++ Clar}
   (You bought it in a shop on level 1 of the Lair of Beasts)

   [amulet of nothing]

   It protects you from negative energy.
   It affects your resistance to hostile enchantments.
   It protects you against confusion.
Wands
 v - a wand of lightning (7)
 x - a wand of lightning (10)
 O - a wand of fire (4)
Scrolls
 e - 8 scrolls of identify
 k - 3 scrolls of recharging
 m - 3 scrolls of remove curse
 p - 4 scrolls of magic mapping
 A - 3 scrolls of immolation
Potions
 a - a potion of invisibility
 c - a potion of ambrosia
 d - a potion of resistance
 g - a potion of cure mutation {unknown}
 j - 3 potions of flight
 l - a potion of might {unknown}
 q - 3 potions of haste {unknown}
 r - 13 potions of curing
 w - 2 potions of cancellation {unknown}
 F - a potion of magic {unknown}
 H - 2 potions of brilliance
 I - a potion of agility
 K - a potion of berserk rage
 R - a potion of heal wounds
Books
 B - a book of Burglary

   Spells                             Type                      Level
   a - Swiftness                      Charms/Air                   2
   b - Passwall                       Transmutation/Earth          3
   c - Passage of Golubria            Translocation                4
   d - Lee's Rapid Deconstruction     Earth                        5
   e - Darkness                       Hexes                        6
   f - Invisibility                   Hexes                        6
Comestibles
 b - 3 bread rations
 f - 2 meat rations
 n - 2 slices of pizza
 z - 2 beef jerkies
 C - 12 fruits
 Q - 2 royal jellies


   Skills:
 + Level 13.2 Fighting
 - Level 2.4 Dodging
 - Level 13.7 Stealth
 + Level 7.6 Shields
 + Level 14.1 Unarmed Combat


You had 12 spell levels left.
You didn't know any spells.

Dungeon Overview and Level Annotations

Branches:
Dungeon (9/15)             Temple (1/1) D:4            Lair (6/8) D:8
  Swamp (0/4) Lair:3        Snake (0/4) Lair:4          Orc (0/2) D:9
  Slime: Lair:6-8

Altars:
Ashenzari
Cheibriados
Dithmenos
Elyvilon
Fedhas
Gozag
Kikubaaqudgha
Makhleb
Nemelex Xobeh
Okawaru
Pakellas
Qazlal
Ru
Sif Muna
Trog
Vehumet
Xom
Yredelemnul
Zin
The Shining One
Beogh

Shops:
Lair:1 =[

Annotations:
D:7 exclusion: door
Lair:2 exclusion: oklob plant
Lair:4 exclusion: oklob plant


Innate Abilities, Weirdness & Mutations

You cannot wear boots.
Your serpentine skin is tough (AC +4).
You have supernaturally acute eyesight.
Armour fits poorly on your strangely shaped body.
Your system is resistant to poisons.
You cover ground very slowly.
You have a slow metabolism.
You can spit poison.
You can use your snake-like lower body to constrict enemies.


Message History

You kill the death yak!
You block the death yak's attack.
You hit the death yak but do no damage. The death yak gores you.
* * * LOW HITPOINT WARNING * * *
You pummel the death yak!!
The death yak is moderately wounded.
The death yak gores you but does no damage.
You punch the death yak!
The death yak is moderately wounded.
The death yak gores you!!
* * * LOW HITPOINT WARNING * * *
You pummel the death yak!!
The death yak is severely wounded.
The death yak gores you!
* * * LOW HITPOINT WARNING * * *
You hit the death yak but do no damage.
The death yak is severely wounded.
The death yak gores you!!
You die...
Your body crumbles into a pile of gold.

##..#. .....
#..#.. ....#
#....> .... #..P..
...P## #####..#.
.....# ##.##.##♣#
...## ###...}.## ♣
#$Y####.#......♣
#@#..##.......♣♣
##Y...#......♣♣♣♣♣
###P........♣ ♣..
###.......♣ ♣..
#.......♣ ♣..
###.....♣♣♣..
#......♣♣..
#......♣♣..
#......♣♣..


You could see 2 death yaks.

Vanquished Creatures
  Gastronok (D:8)
  4 hydras
  Erica (D:8)
  8 death yaks
  A hill giant (D:8)
  Pikel (D:8)
  A griffon (Lair:4)
  4 black mambas
  6 elephants (Lair:4)
  A centaur zombie (D:9)
  The ghost of Leszczynek the Basher, a novice OgAr of Zin (D:4)
  Joseph (D:9)
  5 spiny frogs
  3 fire drakes
  3 komodo dragons
  A troll (D:8)
  Prince Ribbit (D:7)
  5 blink frogs (Lair:4)
  The ghost of P0WERM0DE the Carver, an amateur HECK of Xom (D:5)
  A hill giant zombie (D:9)
  7 yaks
  A human (D:7)
  3 hippogriffs
  A steam dragon (Lair:5)
  3 basilisks
  2 hungry ghosts (D:9)
  7 wolves
  2 nagas (Lair:4)
  8 water moccasins
  A slave (D:8)
  A wasp (D:8)
  5 porcupines
  A black bear (D:6)
  4 phantoms
  2 orc warriors
  A sky beast (D:6)
  3 ice beasts
  9 ogres
  3 centaurs
  11 crocodiles
  6 giant frogs
  5 big kobolds
  A wyvern zombie (D:8)
  3 scorpions
  3 troll zombies (D:9)
  9 killer bees
  5 wights (D:9)
  5 crimson imps
  6 electric eels (D:8)
  9 orc wizards
  6 orc priests
  A giant frog zombie (D:5)
  4 jellies (Lair:2)
  A giant frog skeleton (D:7)
  5 hounds
  A centaur skeleton (D:9)
  A quasit (D:8)
  6 iguanas
  10 worker ants
  A killer bee zombie (D:9)
  19 sheep
  4 ogre zombies (D:9)
  A hound skeleton (D:3)
  Robin (D:1)
  18 gnolls
  10 adders
  55 river rats
  3 shadow imps
  10 oozes (Lair:2)
  An adder zombie (D:9)
  2 adder skeletons
  12 giant geckos
  39 orcs
  8 giant cockroaches
  15 goblins
  23 hobgoblins
  19 jackals
  27 kobolds
  A ball python (D:4)
  11 bats
  A giant gecko skeleton (D:5)
  6 giant newts
  3 goblin skeletons (D:9)
  7 goblin zombies (D:9)
  2 hobgoblin skeletons (D:9)
  A hobgoblin zombie (D:9)
  A jackal zombie (D:5)
  2 orc skeletons (D:9)
  10 orc zombies (D:9)
  3 quokkas
  A quokka skeleton (D:5)
  12 rats
541 creatures vanquished.

Vanquished Creatures (others)
  A giant frog (D:5)
  A scorpion (D:5)
  An orc priest (D:8)
  An orc wizard (D:8)
  3 adders
  2 orcs (D:8)
  A jackal (D:5)
  A giant cockroach (D:5)
  9 fungi
  7 plants
27 creatures vanquished.

Grand Total: 568 creatures vanquished

Notes
Turn   | Place    | Note
--------------------------------------------------------------
     0 | D:1      | Arkorax the Naga Monk began the quest for the Orb.
     0 | D:1      | Reached XP level 1. HP: 21/21 MP: 1/1
   155 | D:1      | Reached XP level 2. HP: 20/28 MP: 2/2
  1136 | D:2      | Noticed Robin
  1151 | D:1      | Killed Robin
  1151 | D:1      | Reached XP level 3. HP: 18/34 MP: 3/3
  1657 | D:2      | Reached XP level 4. HP: 36/44 MP: 4/4
  1767 | D:2      | Reached skill level 5 in Unarmed Combat
  2131 | D:3      | Reached XP level 5. HP: 27/51 MP: 5/5
  2341 | D:3      | Found an opulent altar of Gozag.
  2382 | D:3      | Found a bloodstained altar of Trog.
  2587 | D:3      | Reached skill level 6 in Unarmed Combat
  2587 | D:3      | Reached XP level 6. HP: 60/60 MP: 6/6
  2872 | D:3      | Reached skill level 5 in Fighting
  2927 | D:3      | Found a radiant altar of Vehumet.
  2927 | D:3      | Found a burning altar of Makhleb.
  3570 | D:4      | Noticed Leszczynek's ghost (novice OgAr)
  3586 | D:4      | Killed Leszczynek's ghost
  3586 | D:4      | Reached skill level 7 in Unarmed Combat
  3586 | D:4      | Reached XP level 7. HP: 63/70 MP: 7/7
  3898 | D:4      | Reached XP level 8. HP: 78/78 MP: 8/8
  3947 | D:4      | Found an oddly glowing altar of Pakellas.
  3947 | D:4      | Found an ancient bone altar of Kikubaaqudgha.
  4088 | D:4      | Found a staircase to the Ecumenical Temple.
  4106 | D:4      | Got a slimy leather armour
  4117 | D:4      | Identified the +6 leather armour "Byshro" {Stlth+} (You found it on level 4 of the Dungeon)
  4126 | Temple   | Entered the Ecumenical Temple
  4181 | D:3      | Became a worshipper of Gozag Ym Sagoz the Greedy
  4202 | D:5      | Entered Level 5 of the Dungeon
  4412 | D:5      | Reached skill level 8 in Unarmed Combat
  4612 | D:5      | Noticed P0WERM0DE's ghost (amateur HECK)
  4823 | D:5      | Killed P0WERM0DE's ghost
  4823 | D:5      | Reached skill level 5 in Stealth
  4823 | D:5      | Reached skill level 1 in Shields
  4823 | D:5      | Reached XP level 9. HP: 88/88 MP: 9/9
  4909 | D:5      | Reached skill level 9 in Unarmed Combat
  5015 | D:5      | Found a shimmering altar of Xom.
  5178 | D:6      | Found a glowing drain.
  5245 | Sewer    | Entered a sewer
  5365 | Sewer    | Found a white marble altar of Elyvilon.
  5573 | D:6      | Found a shadowy altar of Dithmenos.
  6952 | D:7      | Noticed Prince Ribbit
  6967 | D:7      | Killed Prince Ribbit
  6967 | D:7      | Reached skill level 10 in Unarmed Combat
  6967 | D:7      | Reached XP level 10. HP: 41/96 MP: 10/10
  7624 | D:7      | Reached skill level 10 in Stealth
  7712 | D:7      | Found a deep blue altar of Sif Muna.
  8633 | D:8      | Noticed Erica
  8660 | D:8      | Killed Erica
  8660 | D:8      | Reached skill level 11 in Stealth
  9089 | D:8      | Found a staircase to the Lair.
  9183 | D:8      | Reached XP level 11. HP: 72/108 MP: 11/11
  9626 | D:8      | Noticed a hill giant
  9638 | D:8      | Killed a hill giant
  9638 | D:8      | Reached skill level 12 in Stealth
  9690 | D:8      | Reached skill level 10 in Fighting
  9691 | D:8      | Noticed Gastronok
  9720 | D:8      | Killed Gastronok
 10082 | D:8      | Noticed Pikel
 10098 | D:8      | Killed Pikel
 10409 | D:9      | Noticed Joseph
 10441 | D:9      | Killed Joseph
 10441 | D:9      | Reached skill level 13 in Stealth
 10619 | D:9      | Found a staircase to the Orcish Mines.
 10787 | D:9      | Found a flagged portal.
 10801 | Bailey   | Entered a bailey
 11427 | D:9      | Found a roughly hewn altar of Beogh.
 12540 | Lair:1   | Entered Level 1 of the Lair of Beasts
 12743 | Lair:1   | Bought the amulet of the Four Winds {rN+ MR+++ Clar} for 388 gold pieces
 12810 | Lair:1   | Noticed a six-headed hydra
 13136 | Lair:1   | Killed a six-headed hydra
 13136 | Lair:1   | Reached XP level 12. HP: 95/120 MP: 12/12
 13324 | Lair:1   | Noticed an eight-headed hydra
 13349 | Lair:1   | Killed an eight-headed hydra
 14733 | Lair:2   | Noticed a seven-headed hydra
 14749 | Lair:2   | Killed a seven-headed hydra
 15397 | Lair:3   | Reached skill level 5 in Shields
 15513 | Lair:3   | Noticed a death yak
 15517 | Lair:3   | Noticed a death yak
 15545 | Lair:3   | Killed a death yak
 15798 | Lair:3   | Noticed a death yak
 15806 | Lair:3   | Noticed a death yak
 15806 | Lair:3   | Noticed a death yak
 15821 | Lair:2   | Killed a death yak
 16003 | Lair:3   | Found a staircase to the Swamp.
 16094 | Lair:3   | Killed a death yak
 16104 | Lair:3   | Killed a death yak
 16600 | Lair:3   | Killed a death yak
 17631 | Lair:4   | Gained mutation: You can use your snake-like lower body to constrict enemies. [Naga growth]
 17631 | Lair:4   | Reached XP level 13. HP: 62/130 MP: 13/13
 17960 | Lair:4   | Found a staircase to the Snake Pit.
 19447 | Lair:1   | Bought a runed naga barding for 575 gold pieces
 19471 | Lair:1   | Bought a distressingly furry scale mail for 225 gold pieces
 19481 | Lair:1   | Identified the +9 scale mail of the Four Places {-Tele *Confuse Str+10} (You bought it in a shop on level 1 of the Lair of Beasts)
 19500 | Lair:1   | Bought an embroidered cloak for 112 gold pieces
 19500 | Lair:1   | Bought an embroidered cloak for 112 gold pieces
 19963 | Lair:5   | Reached skill level 14 in Unarmed Combat
 20915 | Lair:6   | HP: 9/199 [death yak (10)]
 20916 | Lair:6   | Mangled by a death yak

Vault maps used:
D:1:      saegor_arrival_simple_d
D:2:      uniq_robin
D:3:      kennysheep_six_static_rooms,
          grunt_temple_overflow_lords_of_destruction, overflow_temple_1_default,
          nicolae_gozag_seed_capital, first_bread
D:4:      gammafunk_temple_overflow_wave, minmay_temple_entry_grid, st_stairs_3,
          minmay_close_crescents
D:5:      xom_confusion_cloud
D:6:      kennysheep_housing_project, old_standard_altar, gup_sewer_entry_pipe
D:7:      led_sif_book, grunt_livestock, uniq_prince_ribbit1
D:8:      erik_lair_island, uniq_erica, uniq_pikel, uniq_gastronok
D:9:      zombieorc2_lemuel, special_room, enter_bailey_7, uniq_joseph
Temple:   minmay_freezing_vapour_temple_12
Lair:1:   minmay_stone_trees_medium, serial_bayou_shore_b, lemuel_fruit_tree
Lair:2:   lemuel_slime, serial_bayou_ford_a
Lair:3:   swamp_mist
Lair:4:   minmay_lair_oklob_tunnel, guppyfry_snake_entry_garden,
          beast_lair_carwin_10
Lair:6:   dpeg_slime_entry_enclosed_altar, bh_autumn_forest_stairs
Sewer:    sewer_kobolds
Bailey:   bailey_axe_2, bailey

Action                   |  1- 3 |  4- 6 |  7- 9 | 10-12 | 13-15 || total
-------------------------+-------+-------+-------+-------+-------++-------
Melee: Unarmed           |   103 |   232 |   485 |  1124 |   379 ||  2323
Invok: Call Merchant     |       |       |       |     1 |     1 ||     2
       Potion Petition   |       |       |       |     1 |       ||     1
 Abil: Evoke Berserk Rag |     2 |     3 |     3 |     5 |     2 ||    15
       Spit Poison       |     1 |     2 |     1 |    20 |       ||    24
  Use: Scroll            |       |       |     1 |    24 |     3 ||    28
       Potion            |       |       |       |     8 |       ||     8
 Stab: Sleeping          |     2 |       |    17 |    48 |    19 ||    86
       Distracted        |       |       |     4 |    10 |     6 ||    20
  Eat: Chunk             |     2 |     3 |     2 |       |       ||     7
       Bread ration      |     1 |       |     2 |     3 |     1 ||     7
       Pizza             |       |       |     2 |     7 |     3 ||    12
       Royal jelly       |       |       |     1 |       |       ||     1
       Fruit             |       |       |       |     2 |     3 ||     5
       Beef jerky        |       |       |       |     2 |       ||     2
       Meat ration       |       |       |       |     1 |       ||     1
